 Dungeon Crawl Stone Soup version 0.19.0-23-gf02e663 (webtiles) character file.

207 RKaid the Chopper (level 5, -5/46 HPs)
             Began as a Minotaur Fighter on Nov 19, 2016.
             Slain by an ogre
             ... wielding a +0 giant club
              (26 damage)
             ... on level 3 of the Dungeon.
             The game lasted 00:01:53 (1196 turns).

RKaid the Chopper (Minotaur Fighter)                Turns: 1196, Time: 00:01:54

Health: -5/46      AC:  7    Str: 22    XL:     5   Next: 54%
Magic:  4/4        EV:  7    Int:  5    God:
Gold:   94         SH:  9    Dex:  9    Spells: 0 memorised, 4 levels left

rFire  . . .     SeeInvis .     a - +0 war axe
rCold  . . .     Gourm    .     b - +0 scale mail
rNeg   . . .     Faith    .     c - +0 shield
rPois  .         Spirit   .     (helmet restricted)
rElec  .         Reflect  .     (no cloak)
rCorr  .         Harm     .     (no gloves)
MR     .....                    (no boots)
Stlth  ..........               (no amulet)
                                (no ring)
                                (no ring)

@: no status effects
A: retaliatory headbutt, horns 2
a: no special abilities


You were on level 3 of the Dungeon.
You were not hungry.

You visited 1 branch of the dungeon, and saw 3 of its levels.

You collected 94 gold pieces.

Inventory:

Hand Weapons
 a - a +0 war axe (weapon)
Armour
 b - a +0 scale mail (worn)
 c - a +0 shield (worn)
Jewellery
 t - a cursed amulet of inaccuracy {unknown}
   (You found it on level 3 of the Dungeon)
 v - a cursed ring of loudness {unknown}
   (You took it off an orc on level 3 of the Dungeon)
Scrolls
 h - 3 scrolls of remove curse {unknown}
 i - a scroll of fear {unknown}
 j - a scroll of enchant armour {unknown}
 k - 2 scrolls of identify {unknown}
 m - 3 scrolls of immolation {unknown}
 o - a scroll of recharging {unknown}
 u - a scroll of magic mapping {unknown}
Potions
 d - a potion of might
 e - 2 potions of flight {unknown}
 l - a potion of brilliance {unknown}
 n - a potion of cure mutation {unknown}
 p - a potion of agility {unknown}
 q - a potion of lignification {unknown}
 s - a potion of degeneration {unknown}
Comestibles
 f - 3 bread rations
 g - a beef jerky
 r - 13 chunks of flesh


   Skills:
 - Level 3.7 Fighting
 + Level 6.9 Axes
 - Level 3.7 Armour
 - Level 3.7 Shields


You had 4 spell levels left.
You didn't know any spells.

Dungeon Overview and Level Annotations

Branches:
Dungeon (3/15)

Altars:
Ashenzari
Dithmenos
Fedhas


Innate Abilities, Weirdness & Mutations

You reflexively headbutt those who attack you in melee.
You have a pair of horns on your head.


Message History

a hand axe; 11 stones; an orc corpse An orc opens the door.
An orc is nearby!
An orc and an orc priest come into view.
The orc shouts!
The orc priest mumbles some strange prayers to Beogh against you.
Beogh smites you!
There are monsters nearby!
There are monsters nearby!
There are monsters nearby!
Your shield prevents you from hitting the orc.
The orc closely misses you. You furiously retaliate!
You headbutt the orc!
You kill the orc!
The orc throws a tomahawk.
The tomahawk hits you but does no damage.
Found a hunting sling.
Found a blossoming altar of Fedhas.
There is an open door here.
Things that are here:
a tomahawk; a whip You barely miss the orc priest.
You block the orc priest's attack. The orc hits you but does no damage.
You slash the orc priest! Your headbutt misses the orc priest.
Your shield and scale mail prevent you from hitting the orc.
The orc priest hits you but does no damage.
The orc hits you but does no damage.
You slash the orc priest!
You kill the orc priest!
You hit the orc. You block the orc's attack.
Your shield and scale mail prevent you from hitting the orc.
You block the orc's attack.
You hit the orc. You block the orc's attack. x2
You hit the orc.
You kill the orc!
Things that are here:
a dagger; a ring mail No target in view!
h - 3 scrolls labeled PAUTIR GIEQYUC (gained 1)
Things that are here:
4 tomahawks; a scale mail You butcher the orc corpse.
r - 13 chunks of flesh (gained 1)
Things that are here:
a hand axe; 11 stones; an orc skeleton
Things that are here:
a hand axe; 11 stones; an orc skeleton
Items here: ( )) † a short sword; a blowgun; 21 poisoned needles; a kobold corpse
There is an open door here.
Things that are here:
a tomahawk; a whip
Found a stone staircase leading up.
You now have 94 gold pieces (gained 9).
A hobgoblin and an orc priest come into view.
The hobgoblin shouts!
The orc priest shouts!
There are monsters nearby!
There are monsters nearby!
There are monsters nearby!
There are monsters nearby!
A quokka, an orc and an ogre come into view.
The orc shouts!
The ogre shouts!
The quokka moves out of view.
An orc comes into view. It is wielding a dagger.
The orc shouts!
The orc priest looks encouraged for a moment.
Your shield and scale mail prevent you from hitting the orc priest.
The orc priest hits you but does no damage.
You block the hobgoblin's attack.
You barely miss the orc priest. You headbutt the orc priest.
You closely miss the hobgoblin.
The orc priest invokes the aid of Beogh against you.
Beogh smites you!
The quokka bites you but does no damage.
The hobgoblin hits you but does no damage.
You are too injured to fight recklessly!
You are too injured to fight recklessly!
You are too injured to fight recklessly!
You are too injured to fight recklessly!
You hit the orc priest. You hit the quokka. You hit the hobgoblin.
You closely miss the orc.
The quokka bites you but does no damage.
You block the orc priest's attack. The orc hits you with a war axe!
The hobgoblin hits you but does no damage.
You slash the orc priest!
You kill the orc priest!
You completely miss the quokka. You barely miss the hobgoblin.
You closely miss the orc. The quokka barely misses you.
You block the hobgoblin's attack. The orc closely misses you.
You furiously retaliate!
You headbutt the orc!
You kill the orc!
The quokka bites you but does no damage.
You completely miss the orc. You headbutt the orc. You slash the quokka!
You kill the quokka!
You slash the hobgoblin!
You kill the hobgoblin!
You block the orc's attack.
You slash the orc!
You kill the orc!
You barely miss the ogre. The ogre hits you with a giant club!!
Ouch! That really hurt!
You die...

###.##)#..).### .#
#.##.#.(..######.#...
#....(.)...≈≈.≈.+....
#..).#....≈≈≈≈.......
####.####..#..≈_...$....
..##.# #..#..≈≈≈≈......
#..#.####..#............
##.........#.....O......
.........#.#..#.@).<.#
≈#.≈≈##..#.#..##††.....#
≈≈≈≈≈#.#.#.#.###.......#
≈≈≈≈≈≈≈≈...... .........
≈≈.(≈≈≈≈≈#.#.# .......?#
≈...≈≈≈#≈.#.. #........#
≈#..≈≈≈≈≈≈#. #.........
≈≈.≈≈≈≈≈≈#≈.. #.######..
≈..(≈≈≈≈≈≈≈..


You could see an ogre.

Vanquished Creatures
  The ghost of sheala the Vexing, a weakling DEEn (D:3)
  2 orc priests (D:3)
  An adder (D:2)
  2 oozes
  2 worms (D:2)
  11 dart slugs (D:3)
  A leopard gecko (D:2)
  5 orcs (D:3)
  A giant cockroach (D:2)
  4 goblins
  6 hobgoblins
  9 jackals
  8 kobolds
  A quokka (D:3)
  5 bats
  2 frilled lizards
  8 rats
69 creatures vanquished.

Notes
Turn   | Place    | Note
-------+----------+-------------------------------------------
     0 | D:1      | RKaid the Minotaur Fighter began the quest for the Orb.
     0 | D:1      | Reached XP level 1. HP: 19/19 MP: 0/0
   104 | D:1      | Reached XP level 2. HP: 22/27 MP: 1/1
   105 | D:1      | Reached skill level 3 in Axes
   559 | D:2      | Reached XP level 3. HP: 33/33 MP: 2/2
   620 | D:2      | Found a shattered altar of Ashenzari.
   626 | D:2      | Reached skill level 4 in Axes
   640 | D:2      | Found a shadowy altar of Dithmenos.
   820 | D:2      | Reached skill level 5 in Axes
   821 | D:2      | Reached XP level 4. HP: 38/40 MP: 3/3
  1059 | D:3      | Noticed sheala's ghost (weakling DEEn)
  1077 | D:3      | Killed sheala's ghost
  1084 | D:3      | Reached skill level 6 in Axes
  1156 | D:3      | Reached XP level 5. HP: 46/46 MP: 4/4
  1161 | D:3      | Found a blossoming altar of Fedhas.
  1189 | D:3      | Noticed an ogre
  1196 | D:3      | Slain by an ogre

Skill      XL: |  1  2  3  4 |
---------------+-------------+-----
Axes           | 3 5 6 |  6.9
Fighting       | |  3.7
Armour         | |  3.7
Shields        | |  3.7

Action                   |  1- 3 |  4- 6 || total
-------------------------+-------+-------++-------
Melee: War axe           |   102 |    49 ||   151
       Headbutt          |    13 |     7 ||    20
  Eat: Chunk             |       |     1 ||     1
Armor: Scale mail        |    50 |    25 ||    75
Dodge: Dodged            |    28 |    16 ||    44
Block: Shield            |    64 |    30 ||    94

Vault maps used:
D:1:      sevenhm_arrival_forest_fort_large_4
D:2:      grunt_dithmenos_smoke, grunt_ministairs_13, st_stairs_7,
          ashenzari_altar_1
D:3:      kennysheep_slugbush, lightli_temple_of_fire,
          nicolae_overflow_crystal_walls, first_bread, fedhas_altar_2

Table legend:
 A = Turns spent in this place as a percentage of turns spent in the entire game.
 B = Non-inter-level travel turns spent in this place as a percentage of non-inter-level travel turns spent in the entire game.
 C = Inter-level travel turns spent in this place as a percentage of turns spent in this place.
 D = Turns resting spent in this place as a percentage of non-inter-level travel turns spent in this place.
 E = Turns spent auto-exploring this place as a percentage of non-inter-level travel turns spent in this place.
 F = Non-inter-level travel turns spent in this place divided by the number of levels of this place that you've seen.
                   A       B       C       D       E      F
               +-------+-------+-------+-------+-------+----------------------
         Total | 100.0 | 100.0 |   0.2 |   0.0 |  11.8 | 183.3
       Dungeon | 100.0 | 100.0 |   0.2 |   0.0 |  11.8 | 183.3
               +-------+-------+-------+-------+-------+----------------------

Table legend:
 A = Kills in this place as a percentage of kills in entire the game.
 B = Kills by you in this place as a percentage of kills by you in the entire game.
 C = Kills by friends in this place as a percentage of kills by friends in the entire game.
 D = Other kills in this place as a percentage of other kills in the entire game.
 E = Experience gained in this place as a percentage of experience gained in the entire game.
 F = Experience gained in this place divided by the number of levels of this place that you have seen.
                   A       B       C       D       E      F
               +-------+-------+-------+-------+-------+----------------------
         Total | 100.0 | 100.0 |  -nan |  -nan | 100.0 |  99.0
       Dungeon | 100.0 | 100.0 |  -nan |  -nan | 100.0 |  99.0
               +-------+-------+-------+-------+-------+----------------------
